Map: 永恒梦境-天梯版

Players

iGCoffeeMs (Coffee) - Winner!

  • Race: Terran Terran
  • League: Master

夜蝶蝶蝶蝶蝶蝶蝶 (Firefly)

  • Race: Protoss Protoss

Event: DreamHack SC2 Masters 2020 Fall

VOD

Have the link to the VOD?

Description

Time

  • Played on: Sept. 2, 2020, 7:38 a.m.
  • Length: 5:12

All games in this series

Show
View Real Time Build Order
Export as new Build Order

iGCoffeeMs Terran - Winner!

Build Orders:  

Get SALT Encoding   

  12  0:00  SCV  
  13  0:12  SCV  
  14  0:17  Supply Depot  
  14  0:24  SCV  
  15  0:40  Barracks  
  15  0:43  Supply Depot  
  15  0:54  Barracks  
  15  1:06  Barracks  
  15  1:20  Barracks  
  15  1:28  Marine  
  16  1:38  Orbital Command  
  16  1:44  Marine  
  17  1:49  Marine  
  17  1:53  Marine  
  19  2:01  Marine  
  19  2:07  Marine  
  21  2:09  Marine  
  21  2:11  Marine  
  23  2:16  Supply Depot  
  23  2:20  Marine  
  24  2:25  Marine  
  24  2:26  Marine  
  26  2:30  Marine  
  27  2:38  Marine  
  27  2:43  Marine  
  29  2:44  Marine  
  29  2:48  Marine  
  31  2:56  Marine  
  32  3:01  Marine  
  32  3:04  Marine  
  34  3:08  Marine  
  35  3:14  Marine  
  35  3:19  Marine  
  37  3:22  Marine  
  37  3:26  Marine  
  35  3:34  Marine  
  35  3:37  Marine  
  35  3:41  Marine  
  35  3:45  Marine  
  29  4:06  Marine x2  
  27  4:14  Marine x2  
  19  4:26  Marine  
  18  4:35  Marine  
  17  4:46  Marine  
  17  4:50  Marine  
Show
View Real Time Build Order
Export as new Build Order

夜蝶蝶蝶蝶蝶蝶蝶 Protoss 

Build Orders: 1 Gate Expand, Oracle Opening 

Get SALT Encoding   

  12  0:00  Probe  
  13  0:12  Probe  
  14  0:17  Pylon  
  14  0:24  Probe  
  15  0:35  Gateway  
  15  0:38  Probe (Chrono Boost)  
  16  0:49  Assimilator, Probe (Chrono Boost)  
  17  0:54  Probe (Chrono Boost)  
  18  0:57  Assimilator  
  18  1:04  Probe  
  19  1:16  Probe  
  20  1:22  Cybernetics Core  
  20  1:36  Nexus  
  20  1:42  Pylon  
  20  1:45  Probe  
  21  1:51  Assimilator  
  21  1:57  Adept (Chrono Boost), Probe  
  24  2:09  Probe  
  25  2:17  Adept (Chrono Boost)  
  25  2:21  Probe  
  28  2:33  Probe  
  28  2:34  Stargate  
  29  2:44  Adept (Chrono Boost)  
  29  2:47  Probe  
  29  2:48  Probe  
  33  2:54  Shield Battery  
  33  2:56  Shield Battery  
  33  3:04  Shield Battery  
  33  3:08  Adept (Chrono Boost)  
  33  3:12  Shield Battery  
  35  3:13  Pylon  
  35  3:26  Oracle  
  37  3:40  Adept  
  9  4:19  Probe  
  11  4:46  Probe  

Tags
 
Add a new tag
Caveats
  • Supply blocks, unpowered buildings, or Contaminate may cause inaccurate times.
  • Supply counts are checked every 10 seconds.